 Dungeon Crawl Stone Soup version 0.28-a0-476-g0f06bd746f (webtiles) character file.

Game seed: 5093483541023232193

1761 Squid the Basher (level 8, -5/71 HPs)
             Began as a Minotaur Berserker on Sept 16, 2021.
             Was an Elder of Trog.
             Slain by Prince Ribbit (14 damage)
             ... on level 6 of the Dungeon.
             The game lasted 00:21:18 (7585 turns).

Squid the Basher (Minotaur Berserker)               Turns: 7585, Time: 00:21:19

Health: -5/71      AC: 10    Str: 25    XL:     8   Next: 79%
Magic:  7/7        EV:  8    Int:  4    God:    Trog [****..]
Gold:   299        SH:  0    Dex:  9    Spells: 7/7 levels left

rFire   . . .      SeeInvis .   p - +2 dire flail (freeze)
rCold   . . .      Faith    .   (shield currently unavailable)
rNeg    . . .      Spirit   .   c - +0 plate armour
rPois   .          Reflect  .   (helmet restricted)
rElec   .          Harm     .   (no cloak)
rCorr   .          Rampage  .   n - +0 pair of gloves
Will    .....                   (no boots)
Stlth   ..........              (no amulet)
HPRegen 0.21/turn               i - +4 ring of slaying
MPRegen 0.10/turn               (no ring)

@: mighty, on berserk cooldown, flying, slowed, very slow
A: horns 2, retaliatory headbutt, deformed body
a: Renounce Religion, Berserk, Trog's Hand, Brothers in Arms


You were on level 6 of the Dungeon.
You worshipped Trog.
Trog was greatly pleased with you.
You visited 2 branches of the dungeon, and saw 7 of its levels.

You collected 299 gold pieces.

Inventory:

Hand Weapons
 p - a +2 dire flail of freezing (weapon)
Missiles
 b - 40 poisoned darts (quivered)
 e - 185 stones
Armour
 c - a +0 plate armour (worn)
 f - a +0 buckler
 n - a +0 pair of gloves (worn)
Jewellery
 i - a +4 ring of slaying (left hand)
Scrolls
 d - a scroll of magic mapping
 g - a scroll of holy word
 o - a scroll of teleportation
Potions
 h - 2 potions of curing


   Skills:
 + Level 6.9 Fighting
 + Level 8.9 Maces & Flails
 - Level 1.3 Throwing
 + Level 8.2 Armour
 + Level 4.3 Dodging


You had 7 spell levels left.
You didn't know any spells.
Your spell library was empty.

Dungeon Overview and Level Annotations

Branches:
Dungeon (6/15)             Temple (1/1) D:5

Altars:
Ashenzari
Cheibriados
Dithmenos
Elyvilon
Fedhas
Gozag
Hepliaklqana
Kikubaaqudgha
Makhleb
Okawaru
Ru
Sif Muna
Trog
Uskayaw
Vehumet
Wu Jian
Xom
Yredelemnul
Zin
The Shining One

Shops:
D:2 :

Annotations:
D:6 Prince Ribbit


Innate Abilities, Weirdness & Mutations

You have a pair of horns on your head.
You reflexively headbutt those who attack you in melee.
Armour fits poorly on your strangely shaped body.


Message History

Prince Ribbit closely misses you. Prince Ribbit hits you!
* * * LOW HITPOINT WARNING * * *
Prince Ribbit hits you but does no damage.
You see here 19 stones.
Prince Ribbit winks and puckers his lips.
Prince Ribbit hits you.
* * * LOW HITPOINT WARNING * * *
Prince Ribbit hits you.
* * * LOW HITPOINT WARNING * * *
You miss Prince Ribbit.
Prince Ribbit blinks!
Things that are here:
a +0 dagger; a coppery potion; an orc corpse You feel the effects of Trog's Hand fading.
Prince Ribbit hits you but does no damage.
Prince Ribbit blinks! x2
You see here a howler monkey corpse.
You are too injured to fight recklessly!
You are too injured to fight recklessly!
It was a potion of mutation.
You feel extremely strange.
Your body twists and deforms.
It was a potion of flight.
You feel very buoyant.
You fly up into the air.
Your skin stops crawling.
You feel less strong-willed.
Prince Ribbit hits you but does no damage. x2
It was a potion of might.
You feel very mighty all of a sudden.
Prince Ribbit hits you but does no damage. x2
You miss Prince Ribbit.
Prince Ribbit lets out a mournful croak.
Prince Ribbit hits you.
Prince Ribbit sighs, "It's not easy being green!"
Prince Ribbit hits you!
* * * LOW HITPOINT WARNING * * *
You sock Prince Ribbit!
Prince Ribbit seems to slow down.
You freeze Prince Ribbit.
Prince Ribbit is moderately wounded.
Prince Ribbit hits you!
You die...

.##............
.. #...........
#..........
#.........
##).......
#).)..... .....
##).......
.....
#(..##....
..... #@†##
##.. .....
#####F.# #
.....
###.....##
.....
#.......##
.....
##.......##
.....
#........##
....#
##........##
...##
#.........#
..##
#.........##


You could see Prince Ribbit (slow).

Vanquished Creatures
  Sigmund (D:2)
  Menkaure (D:4)
  A water moccasin (D:6)
  A black bear (D:3)
  A sky beast (D:5)
  An ogre (D:6)
  2 kobold brigands (D:4)
  A bullfrog (D:6)
  2 scorpions
  A wyvern zombie (D:5)
  4 wights (D:6)
  A howler monkey (D:6)
  A hound (D:5)
  5 orc priests
  An orc wizard (D:6)
  Ijyb (D:4)
  An iguana (D:5)
  A killer bee zombie (D:5)
  A hound skeleton (D:4)
  2 howler monkey zombies
  A gnoll (D:1)
  11 adders
  A shadow imp (D:3)
  An ufetubus (D:5)
  An adder skeleton (D:4)
  3 worms (D:4)
  A dart slug (D:3)
  14 orcs
  4 ball pythons
  7 endoplasms
  4 giant cockroaches
  7 goblins
  4 hobgoblins
  9 jackals
  13 kobolds
  2 quokkas
  3 bats
  3 frilled lizards
  4 rats
123 creatures vanquished.

Vanquished Creatures (collateral kills)
  A jackal (D:1)
  A quokka (D:1)
  A frilled lizard (D:2)
3 creatures vanquished.

Grand Total: 126 creatures vanquished

Notes
Turn   | Place    | Note
-------+----------+-------------------------------------------
     0 | D:1      | Squid the Minotaur Berserker began the quest for the Orb.
     0 | D:1      | Reached XP level 1. HP: 19/19 MP: 0/0
    23 | D:1      | HP: 1/30 [constriction (1)]
    28 | D:1      | Reached XP level 2. HP: 1/27 MP: 1/1
   759 | D:1      | Reached XP level 3. HP: 31/33 MP: 2/2
   838 | D:1      | Reached ** piety under Trog
  1562 | D:2      | Noticed Sigmund
  1583 | D:2      | Reached XP level 4. HP: 41/41 MP: 3/3
  1588 | D:2      | Killed Sigmund
  1589 | D:2      | Reached skill level 5 in Fighting
  1589 | D:2      | Reached skill level 5 in Maces & Flails
  1589 | D:2      | Reached XP level 5. HP: 48/48 MP: 4/4
  1668 | D:2      | Found Ypajaif's Book Boutique.
  2504 | D:3      | Reached XP level 6. HP: 56/56 MP: 5/5
  2530 | D:3      | Reached skill level 1 in Throwing
  2705 | D:3      | Found a faded altar of an unknown god.
  3433 | D:4      | Noticed Ijyb
  3445 | D:4      | Killed Ijyb
  3856 | D:4      | Reached XP level 7. HP: 62/62 MP: 6/6
  3880 | D:4      | Reached *** piety under Trog
  4719 | D:4      | Noticed Menkaure
  4728 | D:4      | Killed Menkaure
  4729 | D:4      | Reached skill level 5 in Armour
  5329 | D:5      | Entered Level 5 of the Dungeon
  5342 | D:5      | Found an opulent altar of Gozag.
  5690 | D:5      | Reached XP level 8. HP: 71/71 MP: 7/7
  5694 | D:5      | Found a staircase to the Ecumenical Temple.
  5706 | Temple   | Entered the Ecumenical Temple
  7479 | D:6      | Found a shimmering altar of Xom.
  7479 | D:6      | Found a shimmering altar of Xom.
  7479 | D:6      | Found a shimmering altar of Xom.
  7479 | D:6      | Found a shimmering altar of Xom.
  7546 | D:6      | Reached **** piety under Trog
  7552 | D:6      | Noticed Prince Ribbit
  7581 | D:6      | Gained mutation: Armour fits poorly on your strangely
                  | shaped body. [potion of mutation]
  7585 | D:6      | Slain by Prince Ribbit

Illustrated notes

Levels and vault maps discovered:
D:1:      mrwooster_arrival_arrow, layout_basic
D:2:      layout_basic, serial_shops, shop, uniq_sigmund
D:3:      layout_basic, hellmonk_ecumenical_altar_zigzags
D:4:      cheibrodos_thug_alley, layout_basic, uniq_menkaure, uniq_ijyb
D:5:      layout_basic, mainiacjoe_overflow_tiny_flanked,
          minmay_temple_entry_sparse_star, minivault_26
D:6:      layout_cave_pods, xom_redecorated, uniq_prince_ribbit1
Temple:   hc_temple_tempest_star

Skill      XL: |  1  2  3  4  5  6  7  8 |
---------------+-------------------------+-----
Fighting       | 4 5 6 |  6.9
Maces & Flails | 4 5 6 7 8 |  8.9
Armour         | 3 5 8 |  8.2
Dodging        | 3 4 |  4.3
Throwing       | 1 |  1.3

Action                   |  1- 3 |  4- 6 |  7- 9 || total
-------------------------+-------+-------+-------++-------
Melee: Mace              |    57 |    60 |       ||   117
       Headbutt          |     9 |    12 |    19 ||    40
       Flail             |       |    19 |    82 ||   101
       Dire flail        |       |       |    29 ||    29
Throw: Stone             |    17 |     7 |    24 ||    48
Invok: Berserk           |     3 |     2 |     6 ||    11
       Trog's Hand       |       |       |     2 ||     2
Evoke: Wand              |       |       |    13 ||    13
  Use: Scroll            |     8 |     1 |     3 ||    12
       Potion            |       |       |     4 ||     4
Armor: Animal skin       |    13 |       |       ||    13
       Ring mail         |     6 |    23 |       ||    29
       Plate armour      |       |       |    71 ||    71
Dodge: Dodged            |    83 |    52 |    50 ||   185

Table legend: (Time is in decaauts)
 A = Elapsed time spent in this place.
 B = Non-inter-level travel time spent in this place.
 C = Inter-level travel time spent in this place.
 D = Time resting spent in this place.
 E = Time spent auto-exploring this place.
 F = Levels seen in this place.
 G = Mean time per level.
                   A        B        C        D        E       F      G
               +--------+--------+--------+--------+--------+-----+--------+
         Total |   7691 |   7369 |    322 |   2152 |   3907 |   7 | 1098.7 |
       Dungeon |   7440 |   7170 |    270 |   2152 |   3725 |   6 | 1240.0 |
        Temple |    250 |    198 |     52 |      0 |    182 |   1 |  250.0 |
               +--------+--------+--------+--------+--------+-----+--------+

Top non-repeatable levels by time:
     D:4: 1972 daAuts
     D:3: 1192 daAuts
     D:1: 1178 daAuts
     D:2: 1072 daAuts
     D:6: 1064 daAuts
     D:5: 961 daAuts
  Temple: 250 daAuts
